 Dungeon Crawl Stone Soup version 0.25-a0-420-g1cc7eeb0d1 (webtiles) character file.

Game seed: 11227282880980910443, levelgen mode: deterministic

362 ReteAZ the Ruffian (level 6, -7/42 HPs)
             Began as an Octopode Fighter on Jan 19, 2020.
             Killed by divine providence
             ... invoked by an orc priest
              (14 damage)
             ... on level 4 of the Dungeon.
             The game lasted 00:04:56 (5060 turns).

ReteAZ the Ruffian (Octopode Fighter)               Turns: 5060, Time: 00:04:56

Health: -7/42      AC:  1    Str: 15    XL:     6   Next: 66%
Magic:  6/6        EV: 12    Int: 13    God:
Gold:   199        SH:  8    Dex: 11    Spells: 5/5 levels left

rFire    . . .     SeeInvis .     - Unarmed
rCold    . . .     Gourm    .   a - +0 shield
rNeg     . . .     Faith    .   (helmet restricted)
rPois    .         Spirit   .   (no amulet)
rElec    .         Reflect  .   s - ring of teleportation (curse)
rCorr    .         Harm     .   (no ring)
MR       .....     Rnd*Tele +   (no ring)
Stlth    ++........             (no ring)
HPRegen  0.14/turn              (no ring)
MPRegen  0.10/turn              (no ring)
                                (no ring)
                                (no ring)

@: lethally poisoned (-7 -> -8)
A: almost no armour, stealthy swim, amphibious, 8 rings, constrict 8, camouflage
1, gelatinous body 1
a: no special abilities


You were on level 4 of the Dungeon.
You were not hungry.

You visited 1 branch of the dungeon, and saw 4 of its levels.

You collected 199 gold pieces.

Inventory:

Missiles
 h - 51 poisoned darts
 m - 8 javelins (quivered)
 x - 3 silver javelins
Armour
 a - a +0 shield (worn)
Jewellery
 s - a cursed ring of teleportation (left tentacle)
Wands
 q - a wand of iceblast (4)
Scrolls
 d - a scroll of blinking {unknown}
 l - 7 scrolls of identify {unknown}
 n - a scroll of teleportation {unknown}
 o - a scroll of remove curse {unknown}
 t - a scroll of enchant armour {unknown}
 u - a scroll of immolation {unknown}
 v - a scroll of noise {unknown}
Potions
 b - 2 potions of might
 e - 2 potions of ambrosia
 f - 2 potions of flight {unknown}
 g - 2 potions of haste {unknown}
 i - 2 potions of agility {unknown}
 j - a potion of curing {unknown}
 k - a potion of brilliance {unknown}
 p - a potion of heal wounds {unknown}
 r - a potion of degeneration {unknown}
Comestibles
 c - 4 rations
 w - a chunk of flesh


   Skills:
 + Level 3.5 Fighting
 + Level 1.3 Throwing
 + Level 3.4 Dodging
 + Level 3.4 Shields
 * Level 5.8 Unarmed Combat


You had 5 spell levels left.
You didn't know any spells.
Your spell library was empty.

Dungeon Overview and Level Annotations

Branches:
Dungeon (4/15)
 Temple: D:4-7

Altars:
Makhleb
Sif Muna
Xom
The Shining One


Innate Abilities, Weirdness & Mutations

You cannot wear most types of armour.
You are very stealthy in the water. (Stealth+)
You are amphibious.
You can wear up to eight rings at the same time.
You can use your tentacles to constrict eight enemies at once.
Your skin changes colour to match your surroundings (Stealth+).
Your rubbery body absorbs attacks. (AC +1, EV +1)


Message History

The orc priest shouts!
You grab the orc. You constrict the orc.
The orc hits you with a +0 short sword.
You tentacle-slap the orc.
The orc is moderately wounded.
You constrict the orc.
You feel sick. The orc closely misses you.
You completely miss the orc.
The orc is heavily wounded.
You constrict the orc.
You kill the orc!
You barely miss the orc priest. Your grab misses the orc priest.
The orc priest barely misses you.
You barely miss the orc priest. Your grab misses the orc priest.
You feel sick.
The orc priest mumbles some strange prayers to Beogh against you.
Beogh smites you!
* * * LOW HITPOINT WARNING * * *
You completely miss the orc priest. Your grab misses the orc priest.
The orc priest calls down the wrath of Beogh upon you.
Beogh smites you!
You die...

............. .. #
............ .... #.
............##...###
#.##...........#.......
#..................#..
#....................
#..o...........#....
#..@)..........####.
#..%................
#...................
#..............#.#..
##.)..........##....
#.......#...#######
#####.###...# #.# #..##
### #.##


You could see an orc priest.

Vanquished Creatures
  A scorpion (D:4)
  A crimson imp (D:4)
  A bullfrog zombie (D:3)
  A centaur skeleton (D:4)
  Jessica (D:4)
  A worker ant (D:4)
  3 adders
  2 oozes
  An adder skeleton (D:4)
  4 worms
  2 dart slugs
  A leopard gecko (D:1)
  11 orcs
  2 giant cockroaches (D:1)
  9 goblins
  11 hobgoblins
  19 jackals
  11 kobolds
  2 quokkas
  A ball python (D:2)
  4 bats
  9 frilled lizards
  5 rats
103 creatures vanquished.

Notes
Turn   | Place    | Note
-------+----------+-------------------------------------------
     0 | D:1      | ReteAZ the Octopode Fighter began the quest for the Orb.
     0 | D:1      | Reached XP level 1. HP: 16/16 MP: 1/1
   112 | D:1      | Reached XP level 2. HP: 7/21 MP: 2/2
   357 | D:1      | Reached skill level 3 in Unarmed Combat
   803 | D:1      | Reached XP level 3. HP: 22/26 MP: 3/3
  1711 | D:2      | Reached skill level 4 in Unarmed Combat
  2091 | D:2      | Reached XP level 4. HP: 28/31 MP: 4/4
  2490 | D:2      | Found a faded altar of an unknown god.
  2762 | D:3      | Reached skill level 5 in Unarmed Combat
  2764 | D:3      | Reached XP level 5. HP: 28/36 MP: 5/5
  2802 | D:3      | Found a glowing golden altar of the Shining One.
  4712 | D:4      | Found a burning altar of Makhleb.
  4713 | D:4      | Found a shimmering altar of Xom.
  4771 | D:4      | Reached XP level 6. HP: 39/42 MP: 6/6
  4887 | D:4      | Reached skill level 1 in Throwing
  4946 | D:4      | Found a shimmering blue altar of Sif Muna.
  4947 | D:4      | Noticed Jessica
  4952 | D:4      | Killed Jessica
  5060 | D:4      | Killed from afar by an orc priest

Levels and vault maps discovered:
D:1:      elethiomel_arrival_infinity_welcomes_careful_drivers, layout_basic,
          dk_noncrumbling_3
D:2:      layout_basic, chequers_ecumenical_altar_grove
D:3:      layout_basic, old_standard_altar
D:4:      layout_layer_cave, grunt_temple_overflow_champion_of_chaos, tgw_sif,
          hangedman_abyss_or_decor_passed, uniq_crazy_yiuf_cottage

Skill      XL: |  1  2  3  4  5  6 |
---------------+-------------------+-----
Unarmed Combat | 3 4 5 |  5.8
Throwing       | 1 |  1.3
Fighting       | |  3.5
Dodging        | |  3.4
Shields        | |  3.4

Action                   |  1- 3 |  4- 6 || total
-------------------------+-------+-------++-------
Melee: Unarmed           |    98 |   144 ||   242
       Constrict         |    29 |    38 ||    67
       Tentacles         |    14 |    26 ||    40
       Punch             |       |     5 ||     5
  Use: Potion            |       |     1 ||     1
 Stab: Sleeping          |     5 |    10 ||    15
  Eat: Chunk             |     4 |     9 ||    13
Armor: Skin              |     3 |     8 ||    11
Dodge: Dodged            |    34 |    52 ||    86
Block: Shield            |    30 |    38 ||    68

Table legend:
 A = Non-vault XP
 B = Vault XP
 C = Vault XP percentage of total XP
 D = Non-vault monster count
 E = Vault monster count
 F = Vault count percentage of total count
                 A         B        C        D         E       F
            +---------+---------+-------+---------+---------+-------
      Total |     433 |      85 |  16.4 |     101 |       2 |   1.9
            +---------+---------+-------+---------+---------+-------
        D:1 |      57 |       0 |   0.0 |      32 |       0 |   0.0
        D:2 |      62 |       0 |   0.0 |      28 |       0 |   0.0
        D:3 |     120 |       0 |   0.0 |      24 |       0 |   0.0
        D:4 |     194 |      85 |  30.5 |      17 |       2 |  10.5
            +---------+---------+-------+---------+---------+-------
